 Dungeon Crawl Stone Soup version 0.27-a0-828-g8289197e94 (webtiles) character file.

Game seed: 10900169264667058539

34 dickylongcocking the Skirmisher (level 3, -1/31 HPs)
             Began as a Djinni Abyssal Knight on Mar 30, 2021.
             Was a Follower of Lugonu.
             Slain by a jackal (3 damage)
             ... on level 2 of the Dungeon.
             The game lasted 00:01:02 (1049 turns).

dickylongcocking the Skirmisher (DjAK)              Turns: 1049, Time: 00:01:03

Health: -1/31      AC:  3    Str: 11    XL:     3   Next: 31%
Gold:   44         EV: 12    Int: 14    God:    Lugonu [*.....] SH:  0 Dex: 18

rFire    + + .     SeeInvis .   a - +1 short sword
rCold    x . .     Faith    .   (no shield)
rNeg     . . .     Spirit   .   b - +0 leather armour
rPois    ∞         Reflect  .   (no helmet)
rElec    .         Harm     .   (no cloak)
rCorr    .         Rampage  .   (no gloves)
Will     .....                  (boots unavailable)
Stlth    +.........             (no amulet)
HPRegen  0.10/turn              c - +6 ring of dexterity
MPRegen  0.00/turn              (no ring)

@: flying
A: fire resistance 2, cold vulnerability 1, float, innate caster, hp casting,
extra vitality 1
a: Renounce Religion, Depart the Abyss


You were on level 2 of the Dungeon.
You worshipped Lugonu.
Lugonu was aware of your devotion.
You visited 1 branch of the dungeon, and saw 2 of its levels.
You visited the Abyss 1 time.

You collected 44 gold pieces.

Inventory:

Hand Weapons
 a - a +1 short sword (weapon)
Armour
 b - a +0 leather armour (worn)
Jewellery
 c - a +6 ring of dexterity (left hand)


   Skills:
 * Level 3.7 Fighting
 * Level 2.6 Short Blades
 - Level 1.0 Armour
 - Level 2.1 Dodging
 - Level 1.7 Invocations


You had one spell level left.
You knew the following spells:

 Your Spells              Type           Power      Damage    Failure   Level
a - Shock                 Conj/Air       0%         1d3       36%         1
Your spell library was empty.

Dungeon Overview and Level Annotations

Branches:
Dungeon (2/15)

Altars:


Innate Abilities, Weirdness & Mutations

You are immune to poison.
Your flesh is very heat resistant. (rF++)
You are vulnerable to cold. (rC-)
You float through the air rather than walking.
You learn spells naturally, not from books.
Your magical power is your life essence.
You have superior vitality. (+4 HP)


Message History

The jackal barely misses you. The jackal closely misses you.
The ball python bites you.
* * * LOW HITPOINT WARNING * * *
x2 The ball python constricts you.
Unknown command.
Unknown command.
Unknown command.
Unknown command.
You hit the ball python.
You kill the ball python!
Lugonu accepts your kill. The jackal closely misses you.
The jackal barely misses you.
The jackal bites you but does no damage.
The jackal closely misses you.
Unknown command.
Unknown command.
You aren't carrying any items that you can evoke.
Unknown command.
As you read the scroll labelled BAMOOR WAALY, it crumbles to dust.
The scroll dissolves into smoke.
It was a scroll of fog.
The jackal misses you. The jackal barely misses you.
You see here a rat corpse.
The jackal bites you but does no damage.
Found a club.
The jackal bites you.
* * * LOW HITPOINT WARNING * * *
There is a stone staircase leading down here.
The jackal bites you.
* * * LOW HITPOINT WARNING * * *
The jackal misses you.
You fly downwards.
A dart slug comes into view.
Found a robe and a ring mail.
There is a stone staircase leading up here.
The jackal bites you.
* * * LOW HITPOINT WARNING * * *
The jackal barely misses you. The jackal bites you.
You die...

#. .. ..# #.#
####.#
####....[
#.......##
#.......@#
#......hh#####
.......<.....#
.......#.###.#
.......#...
.......#.....
...w.###.......
..... #...#...
.... #.#.....


You could see a dart slug and 2 jackals.

Vanquished Creatures
  A dart slug (D:1)
  An endoplasm (D:1)
  A giant cockroach (D:1)
  3 goblins (D:1)
  2 hobgoblins (D:1)
  9 jackals (D:1)
  2 quokkas (D:1)
  A ball python (D:1)
  A bat (D:1)
  A frilled lizard (D:1)
  4 kobolds (D:1)
  2 rats (D:1)
28 creatures vanquished.

Notes
Turn   | Place    | Note
-------+----------+-------------------------------------------
     0 | Abyss:1  | dickylongcocking the Djinni Abyssal Knight began the quest
                  | for the Orb.
     0 | Abyss:1  | Reached XP level 1. HP: 20/20 MP: 0/0
     8 | Abyss:1  | Found a corrupted altar of Lugonu.
    85 | Abyss:1  | Noticed a small abomination
    87 | D:1      | Escaped the Abyss
   426 | D:1      | Reached XP level 2. HP: 9/25 MP: 0/0
   713 | D:1      | Reached * piety under Lugonu
   890 | D:1      | Reached XP level 3. HP: 27/30 MP: 0/0
   890 | D:1      | Learned a level 1 spell: Shock
  1049 | D:2      | Slain by a jackal

Illustrated notes

Levels and vault maps discovered:
D:1:      psy_arrival_conway, layout_loops_ring
D:2:      layout_basic

Skill      XL: |  1 |
---------------+----+-----
Short Blades   | 2 |  2.6
Fighting       | |  3.7
Armour         | |  1.0
Dodging        | |  2.1
Invocations    | |  1.7

Action                   || total
-------------------------++-------
Melee: Short sword       ||   108
Invok: Depart the Abyss  ||     1
  Use: Scroll            ||     1
       Potion            ||     1
Armor: Leather armour    ||    38
Dodge: Dodged            ||    93

Table legend: (Time is in decaauts)
 A = Elapsed time spent in this place.
 B = Non-inter-level travel time spent in this place.
 C = Inter-level travel time spent in this place.
 D = Time resting spent in this place.
 E = Time spent auto-exploring this place.
 F = Levels seen in this place.
 G = Mean time per level.
                   A        B        C        D        E       F      G
               +--------+--------+--------+--------+--------+-----+--------+
         Total |   1047 |   1047 |      0 |    316 |    525 |   3 |  349.0 |
       Dungeon |    960 |    960 |      0 |    316 |    440 |   2 |  480.0 |
         Abyss |     87 |     87 |      0 |      0 |     85 |   1 |   87.0 |
               +--------+--------+--------+--------+--------+-----+--------+

Top non-repeatable levels by time:
     D:1: 958 daAuts
 Abyss:1: 87 daAuts
     D:2: 1 daAuts
